 Dungeon Crawl Stone Soup version 0.30.1-3-gfc49f6343a (webtiles) character file.

Game seed: 5742837507857116620

2335 bpung the Shield-Bearer (level 9, -5/57 HPs)
             Began as a Gargoyle Fighter on Aug 2, 2023.
             Was a Follower of Makhleb.
             Slain by a troll (9 damage)
             ... on level 7 of the Dungeon on Aug 3, 2023.
             The game lasted 00:13:24 (7015 turns).

bpung the Shield-Bearer (Gargoyle Fighter)          Turns: 7015, Time: 00:13:25

Health: -5/57      AC: 17    Str: 22 (24) XL:     9   Next: 42%
Magic:  9/9        EV:  7    Int:  9      God:    Makhleb [*.....]
Gold:   317        SH:  9    Dex:  3 (5)  Spells: 8/8 levels left

rFire   + . .        a - +0 flail
rCold   . . .        j - +1 kite shield
rNeg    + . .        s - +0 chain mail
rPois   ∞            (helmet restricted)
rElec   +            (no cloak)
rCorr   +            (no gloves)
SInv    .            (no boots)
Will    .....        l - amulet of faith Stlth
                     k - ring of resist corrosion
HPRegen 0.29/turn    w - ring of protection from fire
MPRegen 0.11/turn

%: faith
@: flying
A: sickness immunity, AC +6, negative energy resistance 1, electricity
resistance, torment resistance 1, petrification resistance, antennae 1, big
wings, clumsy 2
a: Renounce Religion


You were on level 7 of the Dungeon.
You worshipped Makhleb.
Makhleb was aware of your devotion.
You visited 2 branches of the dungeon, and saw 8 of its levels.

You collected 317 gold pieces.

Inventory:

Hand Weapons
 a - a +0 flail (weapon)
Missiles
 m - 3 curare-tipped darts
 z - 10 poisoned darts (quivered)
Armour
 j - a +1 kite shield (worn)
 o - a +0 helmet
 s - a +0 chain mail (worn)
Jewellery
 k - a ring of resist corrosion (left hand)
 l - an amulet of faith (around neck)
 w - a ring of protection from fire (right hand)
Wands
 b - a wand of roots (7)
 p - a wand of charming (2)
 u - a wand of polymorph (16)
Scrolls
 c - a scroll of blinking
 f - a scroll of magic mapping
 g - a scroll of silence
 i - a scroll of amnesia
 n - a scroll of fear
 r - 2 scrolls of identify
 t - 2 scrolls of teleportation
Potions
 d - a potion of might
 e - a potion of resistance
 h - a potion of flight


   Skills:
 + Level 7.5 Fighting
 + Level 6.4 Maces & Flails
 + Level 7.5 Armour
 + Level 7.5 Shields


You had 8 spell levels left.
You didn't know any spells.
Your spell library contained the following spells:

 Spells                   Type           Power      Damage    Failure   Level
 Necrotise                Necr           0%         1d4       99%         1
 Summon Small Mammal      Summ           0%         N/A       99%         1
 Call Canine Familiar     Summ           0%         N/A       100%        3
 Summon Guardian Golem    Hex/Summ       0%         N/A       100%        3
 Vampiric Draining        Necr           0%         2d6       100%        3
 Agony                    Necr           0%         N/A       100%        5


Dungeon Overview and Level Annotations

Branches:
Dungeon (7/15)             Temple (1/1) D:4

Altars:
Fedhas
Hepliaklqana
Makhleb
Uskayaw
Vehumet
Wu Jian
Zin
The Shining One

Shops:
D:6 [


Innate Abilities, Weirdness & Mutations

You are immune to sickness and miasma.
Your stone body is resilient. (AC +6)
You are immune to poison.
You resist negative energy. (rN+)
You are resistant to electric shocks. (rElec)
You are resistant to unholy torment.
You are immune to petrification.
You have a pair of small antennae on your head.
Your large and strong wings let you fly.
You are very clumsy. (Dex -4)


Message History

Makhleb accepts your kill.
You feel better.
You hit the troll but do no damage. The troll bites you.
The troll barely misses you. x2
You barely miss the troll. The troll bites you but does no damage.
You block the troll's attack. The troll claws you.
The troll bites you but does no damage. The troll claws you! x2
You hit the troll but do no damage. The troll bites you but does no damage.
You block the troll's attack. The troll barely misses you.
You closely miss the troll.
The boulder beetle waves its antennae.
You block the troll's attack. The troll closely misses you.
The troll barely misses you.
You hit the troll but do no damage. The troll bites you!
The troll claws you but does no damage. The troll claws you.
You hit the troll.
The troll is lightly wounded.
The troll bites you. You block the troll's attack.
The troll claws you but does no damage.
You hit the troll but do no damage.
The troll is lightly wounded.
The troll bites you. You block the troll's attack.
The troll claws you but does no damage.
You sock the troll!
The troll is heavily wounded.
The troll bites you but does no damage. The troll claws you!
* * * LOW HITPOINT WARNING * * *
The troll claws you.
* * * LOW HITPOINT WARNING * * *
The troll bites you but does no damage. You block the troll's attack.
The troll claws you but does no damage.
You closely miss the troll.
The troll is moderately wounded.
The troll closely misses you. The troll claws you.
* * * LOW HITPOINT WARNING * * *
You block the troll's attack.
You barely miss the troll.
The troll is moderately wounded.
The troll bites you but does no damage. The troll claws you!
You die...

♣..♣♣ ♣.. ♣B.♣# ♣..♣ ♣♣..♣#
♣..♣ #..... ♣♣..♣♣ ♣..♣
#..... ♣♣..♣♣..♣ #.....
♣♣....♣ #..... ♣♣..♣♣
#..... ####♣o♣####
#######.... ♣....OBT@.♣♣
#.....#..###
♣..♣♣♣♣.♣♣♣♣..♣♣.♣♣♣.#....)
♣...~...♣♣♣...♣ ♣....###
♣..♣♣♣♣.♣♣♣♣..♣♣.♣♣♣.#..##.
♣.....)...♣♣♣#.....#..##.
########### #######..##'
............ #...........
##..........


You could see a boulder beetle, a two-headed ogre, a troll and an orc.

Vanquished Creatures
  Prince Ribbit (D:6)
  Eustachio (D:5)
  A steam dragon (D:7)
  Duvessa (D:6)
  2 water moccasins (D:6)
  An orc warrior (D:6)
  A black bear (D:7)
  An ogre (D:6)
  A phantom (D:4)
  A kobold brigand (D:7)
  2 bullfrogs (D:7)
  3 scorpions
  Dowan (D:6)
  3 killer bees (D:7)
  A howler monkey (D:5)
  3 hounds
  4 jellies
  2 sleepcaps
  2 iguanas
  2 orc wizards
  7 gnolls
  6 adders
  A shadow imp (D:6)
  3 white imps (D:7)
  An ufetubus (D:5)
  2 worms
  A dart slug (D:1)
  15 orcs
  6 ball pythons
  3 endoplasms
  2 giant cockroaches
  5 goblins
  10 hobgoblins
  4 jackals (D:5)
  6 quokkas
  2 bats (D:1)
  4 frilled lizards
  13 kobolds
  6 rats
131 creatures vanquished.

Vanquished Creatures (collateral kills)
  An orc (D:4)
  A quokka (D:4)
2 creatures vanquished.

Vanquished Creatures (others)
  An ogre (D:4)
  An orc wizard (D:7)
2 creatures vanquished.

Grand Total: 135 creatures vanquished

Notes
Turn   | Place    | Note
-------+----------+-------------------------------------------
     0 | D:1      | bpung the Gargoyle Fighter began the quest for the Orb.
     0 | D:1      | Reached XP level 1. HP: 14/14 MP: 1/1
    80 | D:1      | Reached XP level 2. HP: 19/19 MP: 2/2
   922 | D:2      | Reached XP level 3. HP: 24/24 MP: 3/3
  1599 | D:3      | Found a blossoming altar of Fedhas.
  1776 | D:3      | Reached XP level 4. HP: 24/29 MP: 4/4
  2539 | D:4      | Reached XP level 5. HP: 33/33 MP: 5/5
  2541 | D:4      | Found a staircase to the Ecumenical Temple.
  2542 | D:4      | Noticed an ogre
  2780 | Temple   | Entered the Ecumenical Temple
  2847 | Temple   | Became a worshipper of Makhleb the Destroyer
  2920 | D:4      | Noticed a phantom
  2947 | D:4      | Killed a phantom
  2948 | D:4      | Reached XP level 6. HP: 30/39 MP: 6/6
  3092 | D:5      | Entered Level 5 of the Dungeon
  3249 | D:5      | Found a hide-covered altar of Uskayaw.
  3249 | D:5      | Found an ornate altar of the Wu Jian Council.
  3431 | D:5      | Noticed Eustachio
  3492 | D:5      | Killed Eustachio
  3493 | D:5      | Reached skill level 5 in Fighting
  3493 | D:5      | Reached skill level 5 in Armour
  3493 | D:5      | Reached skill level 5 in Shields
  3493 | D:5      | Reached XP level 7. HP: 4/44 MP: 0/7
  4308 | D:6      | Reached XP level 8. HP: 25/51 MP: 8/8
  4451 | D:6      | Noticed Prince Ribbit
  4493 | D:6      | Killed Prince Ribbit
  4494 | D:6      | Reached skill level 5 in Maces & Flails
  4640 | D:6      | Gained mutation: You are clumsy. (Dex -2) [potion of
                  | mutation]
  4640 | D:6      | Gained mutation: You have a pair of small antennae on your
                  | head. [potion of mutation]
  4640 | D:6      | Gained mutation: You are very clumsy. (Dex -4) [potion of
                  | mutation]
  4640 | D:6      | Gained mutation: Your large and strong wings let you fly.
                  | [potion of mutation]
  5067 | D:6      | Found Muxas's Armour Emporium.
  5089 | D:6      | Reached * piety under Makhleb
  5384 | D:6      | Noticed Duvessa
  5384 | D:6      | Noticed Dowan
  5409 | D:6      | Killed Duvessa
  5415 | D:6      | Killed Dowan
  6264 | D:6      | Reached XP level 9. HP: 19/56 MP: 9/9
  6708 | D:7      | HP: 2/57 [killer bee (5)]
  6988 | D:7      | Noticed a troll
  6989 | D:7      | Noticed a boulder beetle
  6992 | D:7      | Noticed a two-headed ogre
  7015 | D:7      | Slain by a troll

Illustrated notes

Levels and vault maps discovered:
D:1:      dpeg_arrival_shelter, layout_basic, hex_medium
D:2:      layout_loops_ring, skrybe_limestone_x, minmay_surrounded
D:3:      layout_basic, mainiacjoe_overflow_catwalk
D:4:      layout_loops_cross, minmay_temple_entry_crystal_x
D:5:      layout_loops_corners, gammafunk_temple_overflow_wave, uniq_eustachio
D:6:      layout_loops_ring, serial_shops, nicolae_square_shop,
          kennysheep_generic_room_12, uniq_duvessa, uniq_prince_ribbit1
D:7:      nzn_winding_woodlands_large [nzn_winding_woodlands_5x5_perimeter,
          nzn_winding_woodlands_5x15_eye, nzn_winding_woodlands_5x5_three,
          nzn_winding_woodlands_center_triple_pond,
          nzn_winding_woodlands_15x15_thick_spiral,
          nzn_winding_woodlands_center_garden,
          nzn_winding_woodlands_5x5_closed_star,
          nzn_winding_woodlands_5x15_jagged,
          nzn_winding_woodlands_5x5_open_star], layout_cave_pods,
          lemuel_tele_altar, serial_shops, shop, corexii_checkpoint_a,
          grunt_ministairs_9
Temple:   nicolae_temple_slightly_damp_pantheon

Skill      XL: |  1  2  3  4  5  6  7  8  9 |
---------------+----------------------------+-----
Fighting       | 4 5 6 7 |  7.5
Armour         | 4 5 6 7 |  7.5
Shields        | 4 5 6 7 |  7.5
Maces & Flails | 3 4 5 6 |  6.4

Action                     |  1- 3 |  4- 6 |  7- 9 || total
---------------------------+-------+-------+-------++-------
  Melee: Flail             |   113 |   204 |   398 ||   715
  Throw: Dart              |       |     7 |    11 ||    18
  Evoke: Wand              |       |     3 |       ||     3
    Use: Scroll            |       |     9 |     2 ||    11
         Potion            |       |     9 |     5 ||    14
 Armour: Scale mail        |    54 |       |       ||    54
         Chain mail        |     2 |   172 |   293 ||   467
  Dodge: Dodged            |    42 |    84 |   146 ||   272
  Block: Buckler           |    10 |       |       ||    10
         Kite shield       |    21 |   133 |   242 ||   396
